 Dungeon Crawl Stone Soup version 0.29-a0-459-g97dee8cd24 (console) character file.

Game seed: 3967701337983794428

511 jejorda2 the Poker (level 7, 0/76 (84) HPs)
             Began as a Merfolk Fighter on May 20, 2022.
             Slain by a hornet (3 damage)
             ... on level 4 of the Dungeon.
             The game lasted 00:09:46 (5381 turns).

jejorda2 the Poker (Merfolk Fighter)                Turns: 5381, Time: 00:09:47

HP:   0/76 (84)     AC: 27    Str: 18    XL:     7   Next: 19%
MP:   7/7           EV:  2    Int:  7    God:
Gold: 63            SH:  0    Dex: 14    Spells: 6/6 levels left

rFire   . . .      SeeInvis .   a - +0 halberd
rCold   . . .      Faith    .   (shield currently unavailable)
rNeg    . . .      Spirit   .   (body armour currently unavailable)
rPois   +          Reflect  .   (helmet currently unavailable)
rElec   .          Harm     .   (cloak currently unavailable)
rCorr   .          Rampage  .   (gloves currently unavailable)
Will    .....      NoTele   +   (boots currently unavailable)
Stlth   +.........              (no amulet)
HPRegen 0.22/turn               g - ring of poison resistance
MPRegen 0.10/turn               t - +4 ring of protection

@: tree-form, hasted, drained, very quick
A: stationary, stasis, torment immunity, boosted hp, (nimble swimmer 2),
(mertail)
a: no special abilities


You were on level 4 of the Dungeon.
You were a tree.
You visited 1 branch of the dungeon, and saw 4 of its levels.

You collected 179 gold pieces.
You spent 116 gold pieces at shops.

Inventory:

Hand Weapons
 a - a +0 halberd (weapon)
 b - a +0 trident
Missiles
 k - 95 stones (quivered)
 v - 3 boomerangs
Armour
 x - a +0 cloak (melded)
 y - a +0 chain mail (melded)
 B - a +0 pair of boots (melded)
Jewellery
 g - a ring of poison resistance (left branch)
 m - a ring of protection from fire
 o - a ring of protection from cold
 t - a +4 ring of protection (right branch)
Wands
 r - a wand of polymorph (15)
Scrolls
 c - a scroll of enchant armour {unknown}
 d - a scroll of magic mapping
 h - 2 scrolls of immolation {unknown}
 i - 2 scrolls of noise {unknown}
 j - 3 scrolls of teleportation {unknown}
 s - a scroll of poison {unknown}
 u - a scroll of silence {unknown}
 w - a scroll of summoning {unknown}
 z - a scroll of fear
Potions
 e - a potion of magic
 f - a potion of flight {unknown}
 l - a potion of degeneration {unknown}
 n - 2 potions of curing
 p - a potion of lignification
 A - a potion of might


   Skills:
 + Level 5.2 Fighting
 * Level 7.3 Polearms
 + Level 3.5 Armour
 - Level 3.0 Shields


You had 6 spell levels left.
You didn't know any spells.
Your spell library contained the following spells:

 Spells                   Type           Power      Damage    Failure   Level
 Apportation              Tloc           0%         N/A       43%         1
 Necrotize                Necr           0%         1d4       43%         1
 Slow                     Hex            0%         N/A       43%         1
 Summon Small Mammal      Summ           0%         N/A       43%         1
 Ensorcelled Hibernation  Hex/Ice        0%         N/A       56%         2
 Passwall                 Tmut/Erth      0%         N/A       56%         2
 Confusing Touch          Hex            0%         N/A       80%         3
 Swiftness                Air            0%         N/A       80%         3
 Vampiric Draining        Necr           0%         2d6       80%         3


Dungeon Overview and Level Annotations

Branches:
Dungeon (4/15)
 Temple: D:4-7

Altars:

Shops:
D:2 [   D:4 ?


Innate Abilities, Weirdness & Mutations

You are a tree.
Your roots penetrate the ground, keeping you stationary.
You cannot be teleported.
You are immune to unholy pain and torment.
Your maximum health is greatly increased.
Your equipment is partially melded.
((You are very nimble when in or above water. (Stealth+, EV+, Speed+++)))
((Your lower body shifts to a powerful aquatic tail in water.))


Message History

You hit the hornet but do no damage.
The hornet is lightly wounded.
The hornet stings you!
* * * LOW HITPOINT WARNING * * *
You feel yourself slow down.
Unknown command.
You barely miss the hornet.
The hornet is lightly wounded.
You feel yourself speed up.
The hornet stings you but does no damage.
The hornet stings you.
* * * LOW HITPOINT WARNING * * *
You barely miss the hornet.
The hornet is lightly wounded.
The hornet stings you but does no damage.
You slash the hornet!
The hornet is severely wounded.
The hornet stings you but does no damage.
You miss the hornet.
The hornet is severely wounded.
The hornet stings you but does no damage. x2
You barely miss the hornet.
The hornet is severely wounded.
The hornet stings you but does no damage.
You closely miss the hornet.
The hornet is severely wounded.
The hornet stings you.
* * * LOW HITPOINT WARNING * * *
You feel yourself slow down.
You hit the hornet but do no damage.
The hornet is severely wounded.
The hornet stings you but does no damage.
You miss the hornet.
The hornet is severely wounded.
The hornet stings you but does no damage. x2
You closely miss the hornet.
The hornet is severely wounded.
You feel yourself speed up. The hornet stings you.
You die...

###.#.# ##.......# +....#.
####.....###.......#########.....
.[.[.<.....'.......#..o... #.....
###......###.......'..y... #..##.
##.∩...# ##......#....y. #..# .
##.....## ##)....#########..# .
#..>....# ##.oK..# +..##
#......## ##y##.# #.####.
#.....## ####♣##.#######......
####.## #...)....#...#..#####
###.######.##.##..##.##..#
#.......##.#...#...#)#...#
#.#.###.##.......<.......#
#.#............#.###....##
#[#####.##.##.##.# ###### #.#
#.##.......# #.#####.##########


You could see a hornet, an orc warrior and a kobold.

Vanquished Creatures
  A scorpion (D:4)
  An orc priest (D:4)
  A gnoll shaman (D:4)
  Crazy Yiuf (D:2)
  Jessica (D:2)
  An iguana (D:4)
  3 orc wizards (D:4)
  6 gnolls
  7 adders
  2 ufetubi (D:4)
  2 dart slugs
  12 orcs
  A bat (D:3)
  12 endoplasms
  3 giant cockroaches
  5 goblins
  8 hobgoblins
  5 jackals
  7 kobolds
  4 quokkas
  8 ball pythons
  3 frilled lizards
  5 rats
99 creatures vanquished.

Notes
Turn   | Place    | Note
-------+----------+-------------------------------------------
     0 | D:1      | jejorda2 the Merfolk Fighter began the quest for the Orb.
     0 | D:1      | Reached XP level 1. HP: 18/18 MP: 1/1
   130 | D:1      | Reached skill level 3 in Polearms
   346 | D:1      | Found a faded altar of an unknown god.
   405 | D:1      | Reached XP level 2. HP: 18/24 MP: 2/2
   963 | D:2      | Reached XP level 3. HP: 23/30 MP: 3/3
   969 | D:2      | Reached skill level 4 in Polearms
  1044 | D:2      | Noticed Jessica
  1060 | D:2      | Killed Jessica
  1061 | D:2      | Reached XP level 4. HP: 6/37 MP: 4/4
  1319 | D:2      | Found Vierch's Armour Shop.
  1803 | D:2      | Found a runed translucent door.
  1804 | D:2      | Noticed Crazy Yiuf
  2930 | D:3      | Reached skill level 5 in Polearms
  3271 | D:4      | Reached XP level 5. HP: 30/42 MP: 5/5
  3834 | D:4      | Reached skill level 6 in Polearms
  3834 | D:4      | Reached XP level 6. HP: 49/49 MP: 6/6
  3847 | D:4      | Identified the +3 hunting sling of Fapraomm {freeze, Dex+6}
  4100 | D:2      | Killed Crazy Yiuf
  4177 | D:4      | Found Asupseir's Magic Scroll Shoppe.
  4382 | D:4      | Bought a scroll of magic mapping for 45 gold pieces
  4382 | D:4      | Bought a scroll of identify for 26 gold pieces
  4382 | D:4      | Bought a scroll of fear for 45 gold pieces
  4698 | D:4      | Reached skill level 5 in Fighting
  4701 | D:4      | Reached skill level 7 in Polearms
  4701 | D:4      | Reached XP level 7. HP: 8/56 MP: 7/7
  4713 | D:4      | HP: 1/56 [something/puff of flame (10)]
  5348 | D:4      | Noticed a hornet
  5361 | D:4      | Paralysed by a hornet for 1 turns
  5367 | D:4      | Paralysed by a hornet for 3 turns
  5373 | D:4      | HP: 3/76 [hornet (1)]
  5378 | D:4      | HP: 3/76 [hornet (1)]
  5381 | D:4      | Slain by a hornet

Illustrated notes

Levels and vault maps discovered:
D:1:      mrwooster_arrival_statue_2, layout_basic, basic_ecumenical_altar,
          nicolae_grassy_gnolls
D:2:      layout_loops_ring, serial_shops, shop, uniq_jessica,
          uniq_crazy_yiuf_cottage
D:3:      layout_basic, minmay_misc_feat_iff
D:4:      kb_forest_paths, layout_loops_corners, nicolae_stop_n_shop_2,
          minmay_divided_ellipse

Skill      XL: |  1  2  3  4  5  6 |
---------------+-------------------+-----
Polearms       | 3 4 5 6 7 |  7.3
Fighting       | 4 5 |  5.2
Armour         | 3 |  3.5
Shields        | |  3.0

Action                   |  1- 3 |  4- 6 |  7- 9 || total
-------------------------+-------+-------+-------++-------
Melee: Trident           |    56 |   157 |       ||   213
       Halberd           |       |    77 |    80 ||   157
Throw: Stone             |     2 |    21 |     4 ||    27
  Use: Potion            |       |     1 |     4 ||     5
       Scroll            |       |     4 |     1 ||     5
Armor: Scale mail        |     6 |   113 |       ||   119
       Chain mail        |       |    16 |    50 ||    66
       Skin              |       |       |    11 ||    11
Dodge: Dodged            |    10 |   106 |    25 ||   141
Block: Buckler           |     8 |    25 |       ||    33

Table legend: (Time is in decaauts)
 A = Elapsed time spent in this place.
 B = Non-inter-level travel time spent in this place.
 C = Inter-level travel time spent in this place.
 D = Time resting spent in this place.
 E = Time spent auto-exploring this place.
 F = Levels seen in this place.
 G = Mean time per level.
                   A        B        C        D        E       F      G
               +--------+--------+--------+--------+--------+-----+--------+
         Total |   5434 |   5047 |    387 |     51 |   4173 |   4 | 1358.5 |
       Dungeon |   5434 |   5047 |    387 |     51 |   4173 |   4 | 1358.5 |
               +--------+--------+--------+--------+--------+-----+--------+

Top non-repeatable levels by time:
     D:4: 1909 daAuts
     D:3: 1501 daAuts
     D:1: 1134 daAuts
     D:2: 889 daAuts
